Cogmind - Beta 16.1 *** ADVENTURER MODE // 2026.02.16 @ 10:00:33 Player: Mbreton Result: Destroyed by as-43013 with Assembled Rifle Performance ------------- Evolutions (0) 0 Regions Visited (2) 400 Robots Destroyed (4) 20 Value Destroyed (104) 104 Prototype IDs (2) 40 Alien Tech Used (0) 0 Bonus (0) 0 TOTAL SCORE: 564 Bonus ------- None Cogmind --------- Core Integrity 0/250 Matter 300/300 Energy 98/100 System Corruption 1% Temperature Cool (55) Movement Core (50) Location -10/Mines Parts ------- > --- POWER (1) -------- (None) > --- PROPULSION (2) --- (None) > --- UTILITY (2) ------ Core Shielding > --- WEAPON (2) ------- (None) > --- INVENTORY (5) ---- Aluminum Leg Small Storage Unit Medium Matter Pod (99) Small Laser Peak State ------------ > --- POWER ------------ Ion Engine > --- PROPULSION ------- Aluminum Leg Aluminum Leg > --- UTILITY ---------- Small Storage Unit > --- WEAPON ----------- Medium Laser Small Laser > --- INVENTORY -------- (None) [Rating: 6] Favorites ----------- Power Ion Engine Engine Ion Engine Propulsion Aluminum Leg Leg Aluminum Leg Utility Small Storage Unit Storage Small Storage Unit Protection Core Shielding Weapon Medium Laser Energy Gun Medium Laser Ballistic Gun Assault Rifle Build | -11 -10 -10 ------- Run | Yrd Mat Min Slots Evolved . | . . . Power . | . . . Propulsion . | . . . Utility . | . . . Weapon . | . . . Parts Attached 8 | 6 1 1 Power 1 | 1 . . Engine 1 | 1 . . Core . | . . . Reactor . | . . . Propulsion 2 | 2 . . Treads . | . . . Leg 2 | 2 . . Wheel . | . . . Hover . | . . . Flight . | . . . Utility 2 | 1 . 1 Device . | . . . Storage 1 | 1 . . Processor . | . . . Hackware . | . . . Protection 1 | . . 1 Artifact . | . . . Weapon 3 | 2 1 . Energy Gun 2 | 2 . . Energy Cannon . | . . . Ballistic Gun 1 | . 1 . Ballistic Cannon . | . . . Launcher . | . . . Special Weapon . | . . . Impact Weapon . | . . . Slashing Weapon . | . . . Piercing Weapon . | . . . Special Melee Weapon . | . . . Unidentified Prototypes . | . . . Parts Lost . | . . . Power . | . . . Propulsion . | . . . Utility . | . . . Weapon . | . . . Highest Loss Streak . | . . . To Critical Strikes . | . . . Average Backups 2 | . 1 4 Power . | . . . Propulsion . | . . 1 Utility . | . . 2 Weapon . | . . 1 Tool/Special . | . . . Unused Backups 2 | . . 2 Power . | . . . Propulsion 1 | . . 1 Utility 1 | . . 1 Weapon . | . . . Tool/Special . | . . . Average Slot Usage (%) 80 | . 85 64 Engine 13 | . 14 10 Leg 26 | . 28 20 Storage 13 | . 14 10 Energy Gun 15 | . 16 10 Ballistic Gun 10 | . 11 10 Peak Build Rating 6 | 6 6 6 Average Rating 5 | 4 6 4 On Entrance 4 | . 6 6 Avg Prop Armor Cover (%) . | . . . Naked Turns . | . . . Heaviest Build 14 | 13 14 14 Greatest Support 20 | 20 20 20 Greatest Overweight (x) . | . . . Average Overweight (x) . | . . . Largest Inventory Capacity 8 | 8 8 8 Average Capacity 7 | 6 8 7 Most Carried 5 | 3 4 5 Average Carried 2 | . 1 4 Final Capacity 8 | 8 8 5 Final Carried 4 | . 4 4 Class Distribution -------------------- 100% | Mutant Dominant Class ---------------- Mutant | -10/Materials Mutant | -10/Mines Resources | -11 -10 -10 ----------- Run | Yrd Mat Min Matter Collected 412 | 147 128 137 Remotely . | . . . Salvage Created 202 | . 172 30 Parts 6 | . 6 . Haulers Intercepted 1 | . 1 . Recyclers Shooed . | . . . Parts Field Recycled . | . . . Retrieved Matter . | . . . Parts Self-Destructed . | . . . Prevented . | . . . Parts Restored . | . . . Kills | -11 -10 -10 ------- Run | Yrd Mat Min Combat Hostiles Destroyed 5 | . 3 2 Guns 5 | . 3 2 Classes Destroyed 3 | . 2 1 Hauler 1 | . 1 . Grunt 3 | . 3 . Assembled 2 | . . 2 Best Kill Streak 2 | . 2 2 Combat Bots Only 2 | . 2 2 Max Kills in Single Turn 2 | . 2 1 Gunslinging 1 | . 1 . Exploded . | . . . Melee . | . . . Uniques/NPCs Destroyed . | . . . Combat | -11 -10 -10 -------- Run | Yrd Mat Min Hostile Shots Fired 56 | . 10 46 Missed 9 | . 2 7 Hits 47 | . 8 39 Melee 5 | . . 5 Projectile 42 | . 8 34 Critical Strikes 1 | . . 1 Actively Blocked 1 | . . 1 Part Disruptions 1 | . . 1 Damage Taken 531 | . 66 465 Core 257 | . 17 240 Absorbed by Shields . | . . . Redirected to Shielding 36 | . . 36 Ignored by Resistances 155 | . 22 133 Core Remaining (%) 100 | 100 . . Volleys Fired 16 | . 8 8 Largest 2 | . 2 2 Hottest 70 | . 70 70 Shots Fired 30 | . 16 14 Gun 30 | . 16 14 Cannon . | . . . Launcher . | . . . Special . | . . . Kinetic 16 | . 8 8 Thermal 14 | . 8 6 Explosive . | . . . Electromagnetic . | . . . Robot Hit Streak 6 | . 5 6 Robot Miss Streak 1 | . 1 1 Penetration Max . | . . . Secondary Targets 1 | . 1 . Max Gunslinging Chain 1 | . 1 . Shots Hit Robots 25 | . 13 12 Core Hits 14 | . 7 7 Critical Kills . | . . . Critical Parts Destroyed . | . . . Critical Strikes 1 | . 1 . Burn 1 | . 1 . Melee Attacks . | . . . Impact . | . . . Slashing . | . . . Piercing . | . . . Sneak Attacks . | . . . Combat Hostiles . | . . . Follow-up Attacks . | . . . Damage Inflicted 350 | . 163 187 Guns 320 | . 163 157 Cannons . | . . . Explosions . | . . . Melee . | . . . Ramming 30 | . . 30 Kinetic 167 | . 75 92 Thermal 153 | . 88 65 Explosive . | . . . Electromagnetic . | . . . Impact . | . . . Slashing . | . . . Piercing . | . . . Highest Corruption 1 | . . 1 Average Corruption 1 | . . 1 Corruption Purged . | . . . Corruption Blocked . | . . . Overload Shots . | . . . Overflow Damage . | . . . Projectiles . | . . . Explosions . | . . . Melee . | . . . Knockbacks . | . . . Impact . | . . . Kinetic . | . . . Secondary . | . . . Self-Inflicted Damage 14 | . . 14 Shots . | . . . Rammed 4 | . . 4 Targets Rammed 4 | . . 4 Kicked . | . . . Crushed . | . . . Highest Temperature 136 | . 54 136 Average Temperature 39 | . 20 55 Received Heat Transfer 408 | . 48 360 Siege Activations . | . . . Martial Activations . | . . . Shielding Activations . | . . . Robots Disrupted . | . . . Combat Hostiles . | . . . Robots Corrupted . | . . . Combat Hostiles . | . . . Parts Fried . | . . . Impact Corruptions . | . . . Robots Melted . | . . . Combat Hostiles . | . . . Parts Melted 1 | . 1 . Heat Transferred 518 | . 333 185 Parts Sabotaged . | . . . Parts Stolen . | . . . Parts Stripped . | . . . Power Chain Reactions . | . . . Alert | -11 -10 -10 ------- Run | Yrd Mat Min Maximum Alert Level . | . . . Low Security (%) 100 | 100 100 100 Level 1 . | . . . Level 2 . | . . . Level 3 . | . . . Level 4 . | . . . Level 5 . | . . . High Security . | . . . Max Security . | . . . Peak Influence 50 | . 50 1 Initial 1 | . . 1 Average 8 | . 12 . Influence Increases 92 | . 92 . Destroy 0b10 Robot/C 60 | . 60 . Destroy 0b10 Robot/NC 5 | . 5 . Destroy Leader 12 | . 12 . Successful Hack 15 | . 15 . Influence Decreases 92 | . 88 4 Entered New Map 3 | . . 3 Time Decay 89 | . 88 1 Squads Dispatched 1 | . 1 . Investigation 1 | . 1 . Extermination . | . . . Reinforcement . | . . . Assault . | . . . Garrison . | . . . Intercept . | . . . Searches Triggered . | . . . Construction Impeded . | . . . Haulers Reinforced . | . . . Active Scanning Responses . | . . . Cargo Convoy Interrupts . | . . . Stealth | -11 -10 -10 --------- Run | Yrd Mat Min Distress Signals . | . . . Communications Jammed . | . . . Distress Signals . | . . . Times Spotted 23 | . 3 20 Peak Tracking Total 13 | . 2 13 Tactical Retreats 1 | . . 1 Traps | -11 -10 -10 ------- Run | Yrd Mat Min Traps Triggered 1 | . 1 . Indirectly . | . . . Trap Hack Attempts . | . . . Triggered . | . . . Disarmed . | . . . Reprogrammed . | . . . Reused . | . . . Traps Extracted . | . . . Installed . | . . . Triggered . | . . . Machines | -11 -10 -10 ---------- Run | Yrd Mat Min Machines Disabled . | . . . Max in Single Turn . | . . . Machines Repaired . | . . . Machines Dismantled . | . . . Machines Sabotaged . | . . . Overloaded Fab Kills . | . . . Hacking | -11 -10 -10 --------- Run | Yrd Mat Min Machines Accessed 4 | . 4 . Terminals 4 | . 4 . Fabricators . | . . . Repair Stations . | . . . Recycling Units . | . . . Scanalyzers . | . . . Garrison Access . | . . . Total Hacks 7 | . 7 . Successful 4 | . 4 . Failed 3 | . 3 . Catastrophic 2 | . 2 . Database Lockouts . | . . . Manual . | . . . Terminals 7 | . 7 . Fabricators . | . . . Repair Stations . | . . . Recycling Units . | . . . Scanalyzers . | . . . Garrison Access . | . . . Terminal Hacks 4 | . 4 . Robot Analysis 1 | . 1 . Prototype ID Bank 1 | . 1 . Zone Layout 2 | . 2 . Fabricator Hacks . | . . . Repair Station Hacks . | . . . Recycling Unit Hacks . | . . . Scanalyzer . | . . . Garrison Access Hacks . | . . . Unauthorized Hacks . | . . . Terminals . | . . . Fabricators . | . . . Repair Stations . | . . . Recycling Units . | . . . Scanalyzers . | . . . Garrison Access . | . . . Data Cores Recovered . | . . . Used . | . . . Hacking Detections 2 | . 2 . Full Trace Events . | . . . Feedback Events . | . . . Feedback Blocked . | . . . Robot Schematics Acquired . | . . . Robots Built . | . . . Authchips . | . . . Time . | . . . Total Robot Build Rating . | . . . Part Schematics Acquired . | . . . Parts Built . | . . . Authchips . | . . . Time . | . . . Total Part Build Rating . | . . . Part Studies Acquired . | . . . Parts Repaired . | . . . Time . | . . . Parts Recycled . | . . . Recycled Matter . | . . . Retrieved Matter . | . . . Retrieved Components . | . . . Parts Scanalyzed . | . . . Part Schematics Acquired . | . . . Parts Damaged . | . . . Bothacking | -11 -10 -10 ------------ Run | Yrd Mat Min Used RIF Installer . | . . . Robots Hacked . | . . . Non-combat . | . . . Combat . | . . . Robot Hacks Applied . | . . . Relay Couplers Released . | . . . Fabnet Peak Effective % . | . . . Robots Rewired . | . . . Allies Hacked . | . . . Hacks Repelled . | . . . Allies | -11 -10 -10 -------- Run | Yrd Mat Min Total Allies . | . . . Largest Group . | . . . Highest-Rated Group . | . . . Highest-Rated Ally . | . . . Total Orders . | . . . Ally Attacks . | . . . Total Damage . | . . . Kills . | . . . Allies Corrupted . | . . . Allies Melted . | . . . Intel | -11 -10 -10 ------- Run | Yrd Mat Min Active Infowar (turns) . | . . . Robot Analysis Total 1 | . 1 . Derelict Logs Recovered . | . . . Drone Launches . | . . . Drone Recoveries . | . . . Exploration | -11 -10 -10 ------------- Run | Yrd Mat Min Turns Passed 362 | 56 242 64 Spaces Moved 259 | 41 178 40 Core 26 | 7 . 19 Treads . | . . . Legs 233 | 34 178 21 Wheels . | . . . Hover . | . . . Flight . | . . . Fastest Speed 50 | 50 120 50 Average Speed 112 | 108 120 86 Slowest Speed 120 | 120 120 120 Overloaded Moves . | . . . Propulsion Burnouts . | . . . Robots Hopped . | . . . Potential Cave-ins . | . . . Cave-ins Triggered . | . . . Exploration Rate (%) 14 | 3 30 9 Regions Visited 2 Branch Regions 1 Pre-discovered Areas . | . . . Known Exits Taken . | . . . Unknown Exits Taken 2 | 1 1 . Scrap Searched . | . . . Spaces Dug . | . . . Terrain Destroyed . | . . . Melee . | . . . Projectile . | . . . AOE . | . . . Terrain Rammed . | . . . Walls Destroyed . | . . . Machines Disabled . | . . . Actions | -11 -10 -10 --------- Run | Yrd Mat Min Total 298 | 52 190 56 Wait 2 | . . 2 Move 257 | 40 177 40 Hop . | . . . Pick Up 10 | 6 4 . Fast Attach . | . . . Attach 7 | 6 . 1 Detach 1 | . . 1 Swap 1 | . 1 . Drop . | . . . Fire 16 | . 8 8 Melee . | . . . Ram 4 | . . 4 Kick . | . . . Crush . | . . . Escape Stasis . | . . . Rewire . | . . . Trap . | . . . Miscellaneous . | . . . Route ------- -11/Scrapyard -10/Materials (discovered 2 exits: [*Mat] / [*Min]) -10/Mines History --------- Turn | Location | Event 4 | -11/Scrapyard | Discovered new exit (range 16) 57 | -11/Scrapyard | Entered Materials 206 | -10/Materials | Discovered new exit (range 9) 238 | -10/Materials | Discovered new exit (range 16) 299 | -10/Materials | Entered Mines 300 | -10/Mines | Assembled infested the area 304 | -10/Mines | Build established: Mutant 305 | -10/Mines | Assisted by a Guerilla fighting off Assembled 317 | -10/Mines | Met a Derelict bent on vengeance 349 | -10/Mines | Released all parts (5) 354 | -10/Mines | Core integrity fell below 50% 363 | -10/Mines | Core integrity fell below 20% 363 | -10/Mines | Destroyed by as-43013 with Assembled Rifle Last Messages --------------- Acquired 15 matter. HV Slug penetrates as-89049. as-89049 suffers critical hit (Destroy). HV Slug penetrates Earth. AG-ZH7(h) destroyed. Released Aluminum Leg. Released Ion Engine. Released Med. Laser. Released Assault Rifle. Acquired 34 matter. Acquired 7 matter. Slammed into as-96331. Destabilizing: System corrupted (+1). Slammed into as-96331. Acquired 16 matter. Acquired 4 matter. Slammed into as-21272. Acquired 21 matter. Acquired 15 matter. Acquired 25 matter. Map ----- +----------------------------------------------------+ | | | | | | | | | | | | | ????????????????????????????????????????? | | ????????????????????????????????????????? | | ????????????????????????????????????????? | | ????????????????????????????????????????? | | ????????????????????????????????????????? | | ??????????????????##########????????????? | | ??????????????????# #????????????? | | ??????????????????# #????????????? | | ??????????????????# #????????????? | | ??????????????????# """ #??###???????? | | ??????????????????# """ #?## ##?????? | | ??????????????????# """ #?# #?????? | | ??????????????????# #?# #?????? | | ??????????????????### ######?? ##????? | | ????????????????????# #???????# #????? | | ????????????????????# ######??# #????? | | ????????????????????# [== a##?# #????? | | ????????????????????#####% !##?# ##???? | | ???????????????????????#a;a# ### ###?? | | ??????????????????????# #@a## # ##? | | ??????????????????????####a;##" #? | | ???????????????? =!%!% %aaa " #? | | ???????????????????????######### ## ##? | | ???????????????????????????????####?###?? | | ????????????????????????????????????????? | | ????????????????????????????????????????? | | ????????????????????????????????????????? | | ????????????????????????????????????????? | | ????????????????????????????????????????? | | ????????????????????????????????????????? | | ????????????????????????????????????????? | | ????????????????????????????????????????? | | ????????????????????????????????????????? | | ????????????????????????????????????????? | | ????????????????????????????????????????? | | ????????????????????????????????????????? | | ????????????????????????????????????????? | | ????????????????????????????????????????? | | ????????????????????????????????????????? | | ????????????????????????????????????????? | | ????????????????????????????????????????? | | ????????????????????????????????????????? | | ????????????????????????????????????????? | | ????????????????????????????????????????? | +----------------------------------------------------+ Best States ------------- Heat Dissipation 25 Energy Generation 10 Energy Capacity 250 Matter Stores 300 Matter Capacity 300 Sight Range 16 Terrain Scan Density 10 Resistance: KI 20 Resistance: TH 20 Resistance: EX 20 Resistance: EM 20 Resistance: I 20 Resistance: S 20 Resistance: P 20 Core Shielding 20 Evasion (%) 55 Offensive Hacking 10 Item Schematics ----------------- None Robot Schematics ------------------ None Fabricated ------------ Nothing Repaired ---------- Nothing Studied --------- None Alien Tech Used ----------------- None Achievements -------------- None Challenges ------------ None Game ------ Seed UtilityTransmissionDeflector Manual? 0 Play Time 00:06:30 Cumulative 49.7 hours Start 2026.02.16 @ 09:56:09 End 2026.02.16 @ 10:00:33 Sessions 1 Manual Loads 0 Difficulty Adventurer Special Mode None Game No. 44 Rogue 0 Adventurer 44 Explorer 0 Win Type - Total 0 Types 0/0/0/0/0/0/0/0/0/0 Lore% 10 Gallery% 31 Achievement% 22 Wizard Run 0 Options --------- Layout 1 ASCII 0 Keyboard 0 Movement Mouse Keybinds 0 Fullscreen 1 Font 24/Smallcaps Map View 50x35 Zoom Use 0% Tactical HUD 0 Map Filters NONE Filters NONE Steam 1 RUN: 3e3ab1f4-ffff-40b9-98fc-a1a15463e175